 Dungeon Crawl Stone Soup version 0.20.0-15-g7f486f2 (webtiles) character file.

81 NoAnimeNoLife the Cudgeler (level 4, 0/29 HPs)
             Began as a Gargoyle Fighter on June 14, 2017.
             Slain by Purgy (2 damage)
             ... on level 3 of the Dungeon.
             The game lasted 00:01:25 (1541 turns).

NoAnimeNoLife the Cudgeler (Gargoyle Fighter)       Turns: 1541, Time: 00:01:25

Health: 0/29       AC: 10    Str: 20    XL:     4   Next: 40%
Magic:  4/4        EV:  7    Int:  8    God:
Gold:   85         SH:  9    Dex: 10    Spells: 3/3 levels left

rFire    . . .     SeeInvis .   a - +0 flail
rCold    . . .     Gourm    .   c - +0 shield
rNeg     + . .     Faith    .   b - +0 scale mail
rPois    ∞         Spirit   .   (no helmet)
rElec    +         Reflect  .   (no cloak)
rCorr    .         Harm     .   (no gloves)
MR       .....                  (no boots)
Stlth    ..........             (no amulet)
Regen    0.1/turn               (no ring)
MPRegen  0.1/turn               (no ring)

@: hasted, very quick
A: negative energy resistance 1, electricity resistance, unbreathing,
petrification resistance, rot immunity, AC +3
a: no special abilities


You were on level 3 of the Dungeon.
You were hungry.

You visited 1 branch of the dungeon, and saw 3 of its levels.

You collected 85 gold pieces.

Inventory:

Hand Weapons
 a - a +0 flail (weapon)
Armour
 b - a +0 scale mail (worn)
 c - a +0 shield (worn)
Jewellery
 r - a cursed -3 ring of protection {unknown}
Scrolls
 h - a scroll of remove curse {unknown}
 i - a scroll of teleportation {unknown}
 j - 5 scrolls of identify {unknown}
 l - 2 scrolls of enchant weapon {unknown}
 m - a scroll of enchant armour {unknown}
 n - a scroll of noise {unknown}
 o - a scroll of magic mapping {unknown}
 s - a scroll of amnesia {unknown}
 u - a scroll of random uselessness {unknown}
Potions
 d - a potion of might
 k - a potion of experience {unknown}
 p - a potion of curing {unknown}
 t - a potion of lignification {unknown}
Books
 q - a book of Changes

   Spells                             Type                      Level
   a - Beastly Appendage              Transmutation                1
   b - Sticks to Snakes               Transmutation                2
   c - Spider Form                    Transmutation/Poison         3
   d - Ice Form                       Ice/Transmutation            4
   e - Blade Hands                    Transmutation                5
Comestibles
 f - 3 bread rations
 g - 2 meat rations


   Skills:
 - Level 3.7 Fighting
 + Level 4.1 Maces & Flails
 - Level 3.3 Armour
 - Level 0.1 Dodging
 - Level 3.2 Shields


You had 3 spell levels left.
You didn't know any spells.

Dungeon Overview and Level Annotations

Branches:
Dungeon (3/15)

Altars:
Qazlal

Annotations:
D:3 Purgy


Innate Abilities, Weirdness & Mutations

You are resistant to torment.
Your stone body is resilient. (AC +3)
You are immune to poison.
You resist negative energy. (rN+)
You are resistant to electric shocks. (rElec)
You can survive without breathing.
You are immune to petrification.
You are immune to rotting.


Message History

Purgy snarls, "My home!
Leave!"
Purgy bites you but does no damage. Purgy barely misses you.
Purgy claws you but does no damage.
You hit Purgy.
Purgy is severely wounded.
Purgy bites you but does no damage. Purgy claws you but does no damage. x2
Purgy bites you.
* * * LOW HITPOINT WARNING * * *
You block Purgy's attack. Purgy claws you but does no damage.
You hit Purgy.
Purgy is severely wounded.
Purgy bites you.
* * * LOW HITPOINT WARNING * * *
Purgy claws you but does no damage. You block Purgy's attack.
Unknown command.
It was a potion of haste.
You feel yourself speed up. Purgy bites you but does no damage.
Purgy claws you.
* * * LOW HITPOINT WARNING * * *
Purgy claws you.
You die...

#.# #..... #.#
#..... #.# #....(
#.# #..... ##.##
#..... ####.#.##
#..###
##.#.###.#####.>###
#...## ##..........
##@#.###.#####...##
#T##.#.## #.....
#.# #.## #...## #.#
#.# #....# #.#
#.#######.##.# ...
#..........#.# ...
#.#######..#.# ...
#.......#..#.#
#.#####<#...).


You could see Purgy.

Vanquished Creatures
  3 adders
  A worm (D:2)
  A dart slug (D:2)
  A ball python (D:2)
  6 bats
  A giant cockroach (D:3)
  6 hobgoblins
  5 jackals
  8 kobolds
  3 frilled lizards
  10 goblins
  A rat (D:3)
46 creatures vanquished.

Notes
Turn   | Place    | Note
-------+----------+-------------------------------------------
     0 | D:1      | NoAnimeNoLife the Gargoyle Fighter began the quest for the Orb.
     0 | D:1      | Reached XP level 1. HP: 14/14 MP: 1/1
   105 | D:1      | Reached XP level 2. HP: 17/20 MP: 2/2
   544 | D:2      | Reached skill level 3 in Maces & Flails
   544 | D:2      | Reached XP level 3. HP: 21/24 MP: 3/3
   663 | D:2      | Found a stormy altar of Qazlal.
   953 | D:2      | Reached XP level 4. HP: 29/29 MP: 4/4
  1064 | D:3      | Reached skill level 4 in Maces & Flails
  1505 | D:3      | Noticed Purgy
  1541 | D:3      | Slain by Purgy

Skill      XL: |  1  2  3  4 |
---------------+-------------+-----
Maces & Flails | 3 4 |  4.1
Fighting       | |  3.7
Armour         | |  3.3
Dodging        | |  0.1
Shields        | |  3.2

Action                   |  1- 3 |  4- 6 || total
-------------------------+-------+-------++-------
Melee: Flail             |   139 |    94 ||   233
  Use: Potion            |       |     1 ||     1
  Eat: Chunk             |       |     2 ||     2
Armor: Scale mail        |    83 |   102 ||   185
Dodge: Dodged            |    47 |    45 ||    92
Block: Shield            |    88 |    83 ||   171
